 Dungeon Crawl Stone Soup version 0.27-a0-1105-g946c659c87 (webtiles) character file.

Game seed: 10086111115296346855

24126 ketsa the Severer (level 12, -1/116 HPs)
             Began as a Minotaur Fighter on Apr 1, 2020.
             Was an Elder of Trog.
             Slain by a tentacled starspawn (22 damage)
             ... on level 2 of the Abyss on May 1, 2021.
             The game lasted 00:59:49 (18544 turns).

ketsa the Severer (Minotaur Fighter)               Turns: 18544, Time: 00:59:50

Health: -1/116     AC: 22    Str: 23    XL:     12   Next: 77%
Magic:  11/11      EV:  5    Int:  5    God:    Trog [****..]
Gold:   544        SH: 10    Dex: 13    Spells: 11/11 levels left

rFire    + . .     SeeInvis +   y - +0 war axe (vorpal)
rCold    + . .     Faith    .   c - +0 kite shield
rNeg     + . .     Spirit   .   D - +1 plate armour
rPois    +         Reflect  .   (helmet restricted)
rElec    +         Harm     .   X - +0 cloak
rCorr    +         Rampage  .   o - +2 pair of gloves
Will     .....                  (no boots)
Stlth    ..........             (no amulet)
HPRegen  0.29/turn              i - ring of positive energy
MPRegen  0.12/turn              T - ring of see invisible

@: about to teleport, resistant
A: horns 2, retaliatory headbutt
a: Renounce Religion, Berserk, Trog's Hand, Brothers in Arms


You were on level 2 of the Abyss.
You worshipped Trog.
Trog was greatly pleased with you.
You visited 3 branches of the dungeon, and saw 15 of its levels.
You visited the Abyss 1 time.

You collected 706 gold pieces.
You spent 162 gold pieces at shops.

Inventory:

Hand Weapons
 d - a +0 hunting sling
 f - the +3 hand crossbow "Koroz" {vorpal, rPois rN+ Stlth+}
   (You found it on level 11 of the Dungeon)

   Any bolt fired from it inflicts extra damage.
   It protects you from poison.
   It protects you from negative energy.
   It makes you more stealthy.
 q - a +1 trident of flaming
 y - a +0 vorpal war axe (weapon)
 P - a +5 dagger of venom
 V - a +0 dagger of draining
 Z - a +0 battleaxe
Missiles
 B - 22 boomerangs (quivered)
 G - 256 stones
 U - 8 curare-tipped darts
Armour
 c - a +0 kite shield (worn)
 l - a +2 robe of cold resistance
 o - a +2 pair of gloves (worn)
 D - a +1 plate armour (worn)
 J - a scarf of harm
 K - the +1 scale mail of Noughts and Crosses {Contam Dex+7}
   (You found it on level 8 of the Dungeon)

   It affects your dexterity (+7).
   It causes magical contamination when unequipped.
 S - +0 acid dragon scales
 X - a +0 cloak (worn)
Magical Staves
 p - a staff of cold
Jewellery
 b - a +6 ring of strength
 g - an amulet of magic regeneration
 i - a ring of positive energy (left hand)
 R - a ring of ice
 T - a ring of see invisible (right hand)
Wands
 s - a wand of digging (6)
 A - a wand of mindburst (22)
 M - a wand of flame (38)
 Q - a wand of paralysis (9)
 W - a wand of polymorph (22)
Scrolls
 h - 2 scrolls of magic mapping
 j - 2 scrolls of fog
 m - 8 scrolls of teleportation
 n - 2 scrolls of torment
 r - 3 scrolls of identify
 t - 2 scrolls of enchant armour
 u - 2 scrolls of immolation
 x - 3 scrolls of enchant weapon
 z - a scroll of blinking {unknown}
 E - a scroll of acquirement {unknown}
 L - a scroll of summoning {unknown}
 O - a scroll of silence {unknown}
 Y - a scroll of holy word {unknown}
Potions
 e - 2 potions of lignification
 k - 5 potions of curing
 v - a potion of flight
 N - a potion of attraction


   Skills:
 + Level 13.7 Fighting
 - Level 16.0 Axes
 + Level 13.7 Armour
 - Level 5.5 Shields


You had 11 spell levels left.
You didn't know any spells.
Your spell library contained the following spells:

 Spells                   Type           Power      Damage    Failure   Level
 Animate Skeleton         Necr           0%         N/A       100%        1
 Apportation              Tloc           0%         N/A       100%        1
 Corona                   Hex            0%         N/A       100%        1
 Summon Small Mammal      Summ           0%         N/A       100%        1
 Ensorcelled Hibernation  Hex/Ice        0%         N/A       100%        2
 Confusing Touch          Hex            0%         N/A       100%        3
 Dazzling Flash           Conj/Hex       0%         N/A       100%        3
 Tukima's Dance           Hex            0%         N/A       100%        3


Dungeon Overview and Level Annotations

Branches:
Dungeon (12/15)            Temple (1/1) D:7            Lair (2/6) D:11
    Orc (0/2) D:11
  Swamp: Lair:2-4    Shoals: Lair:2-4     Snake: Lair:2-4    Spider: Lair:2-4

Altars:
Ashenzari
Cheibriados
Dithmenos
Elyvilon
Fedhas
Gozag
Hepliaklqana
Kikubaaqudgha
Makhleb
Nemelex Xobeh
Okawaru
Qazlal
Ru
Sif Muna
Trog
Uskayaw
Vehumet
Wu Jian
Xom
Yredelemnul
Zin
The Shining One

Shops:
D:5 ?

Annotations:
D:3 2 transporters


Innate Abilities, Weirdness & Mutations

You have a pair of horns on your head.
You reflexively headbutt those who attack you in melee.


Message History

You hit the tentacled starspawn but do no damage.
You slash the chaos spawn! The tentacled starspawn bites you!
* * * LOW HITPOINT WARNING * * *
You block the tentacled starspawn's attack.
The chaos spawn gores you but does no damage.
You hit the tentacled starspawn but do no damage.
You headbutt the tentacled starspawn, but do no damage.
You slash the chaos spawn!
The tentacled starspawn barely misses you.
The tentacled starspawn tentacle-slaps you.
* * * LOW HITPOINT WARNING * * *
You block the chaos spawn's attack.
You feel much better.
A tentacle flies out from the starspawn's body!
You block the chaos spawn's attack.
A starspawn tentacle comes into view.
As you read the scroll of enchant armour, it crumbles to dust.
Your +0 plate armour glows green for a moment.
You block the tentacled starspawn's attack.
The tentacled starspawn tentacle-slaps you but does no damage.
The chaos spawn gores you but does no damage.
You slash the tentacled starspawn! You headbutt the tentacled starspawn!
The tentacled starspawn is moderately damaged.
You closely miss the chaos spawn. The tentacled starspawn bites you.
You block the tentacled starspawn's attack.
The chaos spawn hits you but does no damage.
You hit the tentacled starspawn.
The tentacled starspawn is moderately damaged.
You closely miss the chaos spawn. The tentacled starspawn bites you!!
* * * LOW HITPOINT WARNING * * *
The tentacled starspawn tentacle-slaps you!
* * * LOW HITPOINT WARNING * * *
The chaos spawn closely misses you.
You feel much better. The tentacled starspawn bites you!
* * * LOW HITPOINT WARNING * * *
The tentacled starspawn tentacle-slaps you but does no damage.
The chaos spawn gores you but does no damage.
You feel protected. The tentacled starspawn bites you!!
You die...

. ... #....
#######......
#..54@Xw.....
#.#X###w.....
# .#. #.... #
.### ... #
#..# . .###4#
## # ..# ..
4.# ### .#.#
.#


You could see a tentacled starspawn, a large abomination, a chaos spawn, 2
starspawn tentacles and a quasit.

Vanquished Creatures
  A very ugly thing (D:12)
  Fannar (Lair:2)
  A boulder beetle (D:12)
  4 two-headed ogres
  A tengu warrior (D:11)
  Nergalle (D:10)
  A wizard (D:12)
  6 ugly things (D:12)
  3 cyclopes (D:11)
  4 cane toads (Lair:1)
  A hellion (Abyss:2)
  2 komodo dragons
  Maggie (D:10)
  5 polar bears (Lair:1)
  3 trolls
  2 hornets
  Prince Ribbit (D:7)
  A fire bat (Abyss:2)
  2 wyverns
  17 yaks
  2 basilisks (D:11)
  Menkaure (D:4)
  A warg (D:11)
  4 water moccasins
  Duvessa (D:6)
  An acid dragon (D:10)
  6 orc warriors
  A small abomination (Abyss:2)
  An ice beast (D:6)
  3 phantoms
  A sky beast (D:5)
  4 ogres
  10 centaurs
  A wyvern zombie (D:9)
  4 kobold brigands
  7 bullfrogs
  2 gnoll sergeants
  A scorpion (D:11)
  Dowan (D:6)
  6 howler monkeys
  3 crimson imps (D:5)
  2 jellies
  2 centaur zombies
  2 gnoll shamans
  9 orc priests
  11 orc wizards
  A bullfrog skeleton (D:4)
  4 iguanas
  3 removed worker ants
  A killer bee zombie (D:9)
  A removed worker ant zombie (D:5)
  38 gnolls
  8 adders
  2 shadow imps (D:5)
  An endoplasm (D:2)
  2 adder zombies (D:7)
  2 adder skeletons
  6 worms
  2 dart slugs
  43 orcs
  2 removed leopard geckos (D:4)
  A ball python (D:3)
  6 giant cockroaches
  6 goblins
  8 hobgoblins
  22 jackals
  21 kobolds
  3 quokkas
  4 bats
  4 frilled lizards
  6 rats
  A bush (Lair:1)
343 creatures vanquished.

Vanquished Creatures (others)
  A bush (D:11)
  6 fungi
  19 plants
  3 starspawn tentacles (Abyss:2)
29 creatures vanquished.

Grand Total: 372 creatures vanquished

Notes
Turn   | Place    | Note
-------+----------+-------------------------------------------
     0 | D:1      | ketsa the Minotaur Fighter began the quest for the Orb.
     0 | D:1      | Reached XP level 1. HP: 19/19 MP: 0/0
   113 | D:1      | Reached skill level 3 in Axes
   113 | D:1      | Reached XP level 2. HP: 27/27 MP: 1/1
   696 | D:2      | Reached XP level 3. HP: 31/33 MP: 2/2
   842 | D:2      | Reached skill level 4 in Axes
  1094 | D:2      | Reached XP level 4. HP: 40/40 MP: 3/3
  1770 | D:3      | Reached skill level 5 in Axes
  2124 | D:3      | Reached XP level 5. HP: 44/46 MP: 4/4
  2229 | D:3      | Found a basalt altar of Yredelemnul,
  2230 | D:3      | Found a shimmering altar of Xom,
  2230 | D:3      | Noticed an ice beast
  2231 | D:3      | Found an ornate altar of the Wu Jian Council,
  2234 | D:3      | Found a transporter,
  2245 | D:3      | Reached skill level 5 in Shields
  2251 | D:3      | Found a transporter,
  2654 | D:3      | Reached skill level 6 in Axes
  3152 | D:2      | Reached XP level 6. HP: 36/52 MP: 5/5
  3939 | D:3      | Reached skill level 7 in Axes
  4353 | D:3      | HP: 1/52 [ogre/+0 giant club (10)]
  4355 | D:3      | Reached XP level 7. HP: 1/60 MP: 6/6
  4905 | D:4      | Found a blossoming altar of Fedhas,
  5056 | D:4      | Reached skill level 8 in Axes
  5106 | D:4      | Found a stormy altar of Qazlal,
  5149 | D:4      | Found a glowing golden altar of the Shining One,
  5242 | D:4      | Found a burning altar of Makhleb,
  5247 | D:4      | Found a glowing silver altar of Zin,
  5247 | D:4      | Noticed an angel
  5247 | D:4      | Noticed a green death
  5389 | D:4      | Noticed Menkaure
  5397 | D:4      | Killed Menkaure
  5397 | D:4      | Reached skill level 5 in Fighting
  5397 | D:4      | Reached skill level 5 in Armour
  5639 | D:4      | Upgraded the game from 0.25-a0-697-g890751e744 to
                  | 0.25-a0-719-gde951dce62
  5733 | D:5      | Entered Level 5 of the Dungeon
  5900 | D:5      | Reached XP level 8. HP: 65/69 MP: 7/7
  5916 | D:5      | Reached skill level 9 in Axes
  6362 | D:5      | Found Disuu's Magic Scroll Shoppe.
  6367 | D:5      | Bought a scroll of enchant weapon for 97 gold pieces
  6367 | D:5      | Bought a scroll of identify for 26 gold pieces
  6367 | D:5      | Bought a scroll of remove curse for 39 gold pieces
  6495 | D:5      | Upgraded the game from 0.25-a0-719-gde951dce62 to
                  | 0.26-a0-812-g31a745ddcd
  6592 | D:5      | Reached skill level 10 in Axes
  6891 | D:6      | Noticed Dowan
  7243 | D:6      | Found a snail-covered altar of Cheibriados.
  7247 | D:6      | Found a shadowy altar of Dithmenos.
  7277 | D:6      | Found a shimmering blue altar of Sif Muna.
  7327 | D:6      | Reached XP level 9. HP: 50/79 MP: 8/8
  7434 | D:6      | Noticed Duvessa
  7855 | D:6      | Killed Dowan
  8253 | D:7      | Reached skill level 11 in Axes
  8716 | D:6      | Killed Duvessa
  8920 | D:7      | Found a staircase to the Ecumenical Temple.
  8935 | Temple   | Entered the Ecumenical Temple
  9147 | Temple   | Upgraded the game from 0.26-a0-812-g31a745ddcd to
                  | 0.26-a0-1080-g4c0aae810e
  9147 | Temple   | Upgraded the game from 0.26-a0-1080-g4c0aae810e to
                  | 0.26-a0-1101-g8f9f7f7418
  9163 | Temple   | Upgraded the game from 0.26-a0-1101-g8f9f7f7418 to
                  | 0.27-a0-1105-g946c659c87
  9251 | Temple   | Became a worshipper of Trog the Wrathful
  9532 | D:7      | Noticed Prince Ribbit
  9585 | D:7      | Killed Prince Ribbit
  9893 | D:8      | Paralysed by a hornet for 3 turns
  9898 | D:8      | Reached skill level 12 in Axes
 10205 | D:8      | Identified the +1 scale mail of Noughts and Crosses {Contam
                  | Dex+7}
 10305 | D:8      | Reached * piety under Trog
 10375 | D:8      | Reached XP level 10. HP: 90/90 MP: 9/9
 10689 | D:8      | Found a sparkling altar of Nemelex Xobeh.
 10865 | D:9      | Noticed a two-headed ogre
 10875 | D:9      | Killed a two-headed ogre
 11376 | D:9      | Reached skill level 13 in Axes
 11481 | D:9      | Noticed a two-headed ogre
 11491 | D:9      | Killed a two-headed ogre
 11873 | D:9      | Reached ** piety under Trog
 11899 | D:9      | Found a hazy altar of Hepliaklqana.
 12414 | D:10     | Entered Level 10 of the Dungeon
 12466 | D:10     | Reached skill level 10 in Fighting
 12468 | D:10     | Reached skill level 14 in Axes
 12468 | D:10     | Reached skill level 10 in Armour
 12470 | D:10     | Noticed a two-headed ogre
 12477 | D:10     | Killed a two-headed ogre
 12680 | D:10     | Noticed Nergalle
 12698 | D:10     | Killed Nergalle
 12699 | D:10     | Reached XP level 11. HP: 100/100 MP: 10/10
 12825 | D:10     | Noticed Maggie
 12837 | D:10     | Killed Maggie
 13412 | D:11     | Found a staircase to the Lair.
 13898 | Lair:1   | Entered Level 1 of the Lair of Beasts
 13909 | Lair:1   | Reached skill level 15 in Axes
 14383 | D:11     | Reached *** piety under Trog
 14418 | D:11     | Found a staircase to the Orcish Mines.
 14464 | D:11     | Noticed a tengu warrior
 14479 | D:11     | Killed a tengu warrior
 14506 | D:11     | Found a basalt altar of Yredelemnul.
 14880 | D:11     | Noticed a two-headed ogre
 14891 | D:11     | Killed a two-headed ogre
 15158 | D:11     | Identified the +3 hand crossbow "Koroz" {vorpal, rPois rN+
                  | Stlth+}
 15407 | Lair:1   | Reached skill level 16 in Axes
 15407 | Lair:1   | Reached XP level 12. HP: 104/111 MP: 11/11
 16918 | Lair:2   | Noticed Fannar
 16938 | Lair:2   | Killed Fannar
 16980 | Lair:2   | Noticed a boulder beetle
 16997 | Lair:2   | Noticed a four-headed hydra
 17191 | D:12     | Noticed a boulder beetle
 17209 | D:12     | Killed a boulder beetle
 17338 | D:12     | Reached **** piety under Trog
 17424 | D:12     | HP: 5/172 [acid (9)]
 18274 | D:12     | Noticed a purple very ugly thing
 18286 | D:12     | Killed a purple very ugly thing
 18404 | D:12     | Cast into level 2 of the Abyss (a wizard)
 18418 | Abyss:2  | Found a corrupted altar of Lugonu.
 18524 | Abyss:2  | Noticed a tentacled starspawn
 18544 | Abyss:2  | Slain by a tentacled starspawn

Illustrated notes

Levels and vault maps discovered:
D:1:      minmay_arrival_five_plusses, layout_loops_ring
D:2:      layout_basic, grunt_decor_cap
D:3:      lemuel_castle_with_subvaults [lemuel_castle_interior_carwin_2],
          layout_rooms, gammafunk_temple_overflow_arena, minmay_checkerbox
D:4:      layout_loops_cross, grunt_temple_overflow_order_and_chaos_2,
          overflow_temple_1_default, grunt_qazlal_sundering, kennysheep_mini,
          serial_bayou_pond_a, minmay_cut_off, uniq_menkaure
D:5:      layout_cave_pools, first_ration, serial_shops, kennysheep_little_box
D:6:      layout_basic, minitemple, nicolae_overflow_hidden_temple, uniq_duvessa
D:7:      layout_basic, minmay_temple_entry_proselytizer, uniq_prince_ribbit1
D:8:      layout_basic, kennysheep_mini_moat, serial_corexii_hall,
          corexii_hall_statues_l, corexii_hall_statues_u
D:9:      layout_stronghold, lemuel_crystal_altar
D:10:     layout_loops_cross, uniq_nergalle, uniq_maggie
D:11:     layout_roguey, minmay_lair_entry_grove, erik_orc_3,
          minmay_ruined_shrine
D:12:     cheibrodos_breeding_chamber, layout_basic, elyvilon_altar_3,
          uniq_gastronok
Temple:   dpeg_three_leaves_temple
Lair:1:   layout_layer_cave, cheibrodos_lair_lostbears
Lair:2:   layout_layer_cave, swamp_mist, portal_ice_cave_entry_ice_beasts,
          hellmonk_ghost_happy_afterlife, infiniplex_staircase_pool_2,
          uniq_fannar
Abyss:2:  base: D:2, evilmike_abyss_exit_13, evilmike_abyss_exit_13

Skill      XL: |  1  2  3  4  5  6  7  8  9 10 11 12 |
---------------+-------------------------------------+-----
Axes           | 3 4 5 6 7 8 10 12 14 16 | 16.0
Shields        | 4 5 |  5.5
Fighting       | 4 5 7 8 10 11 13 | 13.7
Armour         | 4 5 7 8 10 11 13 | 13.7

Action                   |  1- 3 |  4- 6 |  7- 9 | 10-12 || total
-------------------------+-------+-------+-------+-------++-------
Melee: War axe           |    75 |   203 |   349 |   589 ||  1216
       Headbutt          |    12 |    33 |    73 |   138 ||   256
Throw: Boomerang         |       |       |    17 |     3 ||    20
Invok: Berserk           |       |       |       |    10 ||    10
  Use: Scroll            |       |     4 |     1 |    12 ||    17
       Potion            |       |     2 |     3 |     4 ||     9
  Eat: Removed food      |     1 |    10 |     7 |       ||    18
Armor: Scale mail        |    32 |    59 |    93 |     9 ||   193
       Plate armour      |       |       |       |   275 ||   275
Dodge: Dodged            |    23 |    51 |    75 |    88 ||   237
Block: Kite shield       |    40 |   116 |   136 |   273 ||   565

Table legend: (Time is in decaauts)
 A = Elapsed time spent in this place.
 B = Non-inter-level travel time spent in this place.
 C = Inter-level travel time spent in this place.
 D = Time resting spent in this place.
 E = Time spent auto-exploring this place.
 F = Levels seen in this place.
 G = Mean time per level.
                   A        B        C        D        E       F      G
               +--------+--------+--------+--------+--------+-----+--------+
         Total |  18758 |  18132 |    626 |   5310 |   7481 |  16 | 1172.4 |
       Dungeon |  16483 |  15972 |    511 |   5303 |   5966 |  12 | 1373.6 |
        Temple |    328 |    316 |     12 |      0 |    121 |   1 |  328.0 |
          Lair |   1807 |   1704 |    103 |      7 |   1394 |   2 |  903.5 |
         Abyss |    139 |    139 |      0 |      0 |      0 |   1 |  139.0 |
               +--------+--------+--------+--------+--------+-----+--------+

Top non-repeatable levels by time:
    D:11: 2333 daAuts
  Lair:1: 1650 daAuts
     D:6: 1469 daAuts
     D:8: 1380 daAuts
     D:9: 1209 daAuts
     D:7: 1153 daAuts
    D:10: 1008 daAuts
    D:12: 907 daAuts
     D:5: 411 daAuts
  Temple: 328 daAuts
  Lair:2: 156 daAuts
 Abyss:2: 139 daAuts
Note: time per level data comes from an upgraded game and may be incomplete.
